| TOP OF THE 1ST |
|
State College Spikes batting - Pitching for Hillsboro Hops : RHP John Palumbo
|
|
Pitching: RHP John Palumbo
|
|
|
Batting: RHB Mario Mendoza
|
0-0: Ball 1-0: Ball 2-0: Called Strike 2-1: Foul Ball, location: 2F 2-2: Strikes out swinging
|
|
Batting: RHB Bernard Claude
|
0-0: Swinging Strike 0-1: Ball 1-1: Fly out, F7 (Flyball, 7S, EV 83.8 MPH)
|
|
Batting: LHB Travis Ruppel
|
0-0: Foul Ball, location: 2F 0-1: Foul Ball, location: 2F 0-2: Foul Ball, location: 2F 0-2: Foul Ball, location: 2F 0-2: Strikes out swinging
|
| Top of the 1st over - 0 runs, 0 hits, 0 errors, 0 left on base; State College 0 - Hillsboro 0 |
| BOTTOM OF THE 1ST |
|
Hillsboro Hops batting - Pitching for State College Spikes : RHP Mario Machado
|
|
Pitching: RHP Mario Machado
|
|
|
Batting: SHB Blaine Peters
|
0-0: Ball 1-0: Called Strike 1-1: Ball 2-1: DOUBLE (Line Drive, 3D, EV 101.9 MPH)
|
|
Batting: LHB Soo-yeon Kym
|
0-0: Ball 1-0: Foul Ball, location: 2F 1-1: Ball 2-1: Ball 3-1: Base on Balls
|
|
Batting: RHB Wen-hua Lei
|
0-0: Foul Ball, location: 2F 0-1: Ball 1-1: Grounds into double play, 4-6-3 (Groundball, 4, EV 98.8 MPH) Blaine Peters to third
|
|
Batting: RHB Ian Sousa
|
0-0: Foul Ball, location: 2F 0-1: Ball 1-1: Ball Passed Ball! Blaine Peters scores 2-1: Ball 3-1: Foul Ball, location: 2F 3-2: SINGLE (Groundball, 56S, EV 73.1 MPH) (infield hit)
|
|
Batting: RHB Josh Burrows
|
0-0: Called Strike Ian Sousa steals 2nd base 0-1: Ball 1-1: Ball 2-1: Called Strike 2-2: Foul Ball, location: 2F 2-2: Foul Ball, location: 2F 2-2: Strikes out swinging
|
| Bottom of the 1st over - 1 run, 2 hits, 0 errors, 1 left on base; State College 0 - Hillsboro 1 |
| TOP OF THE 2ND |
|
State College Spikes batting - Pitching for Hillsboro Hops : RHP John Palumbo
|
|
Batting: RHB Jose Jimenez
|
0-0: Ball 1-0: Foul Ball, location: 2F 1-1: Ball 2-1: Swinging Strike 2-2: Strikes out swinging
|
|
Batting: RHB Robby Hickman
|
0-0: Ball 1-0: Called Strike 1-1: Foul Ball, location: 2F 1-2: Foul Ball, location: 2F 1-2: Ball 2-2: Strikes out swinging
|
|
Batting: LHB Keith Rice
|
0-0: Ball 1-0: Ball 2-0: Swinging Strike 2-1: Foul Ball, location: 2F 2-2: Ball 3-2: Foul Ball, location: 2F 3-2: Strikes out looking
|
| Top of the 2nd over - 0 runs, 0 hits, 0 errors, 0 left on base; State College 0 - Hillsboro 1 |
| BOTTOM OF THE 2ND |
|
Hillsboro Hops batting - Pitching for State College Spikes : RHP Mario Machado
|
|
Batting: RHB Antonio Luisa
|
0-0: Ball 1-0: Called Strike 1-1: SINGLE (Line Drive, 56, EV 94.4 MPH)
|
|
Batting: LHB Ivan Cortez
|
0-0: Foul Ball, location: 2F 0-1: Fly out, F8 (Flyball, 8LM, EV 95.0 MPH)
|
|
Batting: RHB Brandon Joshua
|
0-0: Swinging Strike 0-1: Called Strike 0-2: Ball 1-2: Reached on error, E5 (Groundball, 56S, EV 75.0 MPH) Antonio Luisa to second
|
|
Batting: RHB Trevor Corey
|
0-0: Foul Ball, location: 2F 0-1: Ball 1-1: Called Strike 1-2: Strikes out swinging
|
|
Batting: SHB Blaine Peters
|
0-0: Ball 1-0: Ball 2-0: Called Strike 2-1: SINGLE (Groundball, 34D, EV 100.6 MPH) Antonio Luisa to third Brandon Joshua to second Runner from 3rd tries for Home, SAFE, throw by RF to home Brandon Joshua to third Blaine Peters to second
|
|
Batting: LHB Soo-yeon Kym
|
0-0: Swinging Strike 0-1: Swinging Strike 0-2: Ball 1-2: Strikes out swinging
|
| Bottom of the 2nd over - 1 run, 2 hits, 1 error, 2 left on base; State College 0 - Hillsboro 2 |
| TOP OF THE 3RD |
|
State College Spikes batting - Pitching for Hillsboro Hops : RHP John Palumbo
|
|
Batting: RHB Sean Tanner
|
0-0: Called Strike 0-1: Foul Ball, location: 2F 0-2: Ball 1-2: Strikes out swinging
|
|
Batting: SHB Gerardo Macias
|
0-0: Called Strike 0-1: Ball 1-1: Ball 2-1: Foul Ball, location: 2F 2-2: SINGLE (Line Drive, 7LS, EV 104.4 MPH)
|
|
Batting: RHB Tom Tate
|
0-0: Called Strike Gerardo Macias steals 2nd base 0-1: Ball 1-1: Ball 2-1: Ground out 2-3 (Groundball, 15S, EV 61.9 MPH) Gerardo Macias to third
|
|
Batting: RHB Mario Mendoza
|
0-0: Called Strike 0-1: Called Strike 0-2: Ball 1-2: Ball 2-2: Foul Ball, location: 2F 2-2: Reached on error, E5 (Groundball, 56, EV 88.1 MPH) Gerardo Macias scores
|
|
Batting: RHB Bernard Claude
|
0-0: Ball Mario Mendoza steals 2nd base 1-0: Ball 2-0: Called Strike 2-1: Ball 3-1: Swinging Strike 3-2: Strikes out swinging
|
| Top of the 3rd over - 1 run, 1 hit, 1 error, 1 left on base; State College 1 - Hillsboro 2 |
| BOTTOM OF THE 3RD |
|
Hillsboro Hops batting - Pitching for State College Spikes : RHP Mario Machado
|
|
Batting: RHB Wen-hua Lei
|
0-0: Called Strike 0-1: Ball 1-1: Foul Ball, location: 2F 1-2: Ball 2-2: Ball 3-2: Ground out 5-3 (Groundball, 56, EV 80.6 MPH)
|
|
Batting: RHB Ian Sousa
|
0-0: Swinging Strike 0-1: Ball 1-1: Hit by Pitch
|
|
Batting: RHB Josh Burrows
|
0-0: Called Strike 0-1: Called Strike Ian Sousa is caught stealing 2nd base 2-4 0-2: Ball 1-2: Reached on error, E2 (Groundball, 13S, EV 70.6 MPH)
|
|
Batting: RHB Antonio Luisa
|
0-0: Foul Ball, location: 2F 0-1: Called Strike 0-2: SINGLE (Line Drive, 56, EV 95.0 MPH) Josh Burrows to second
|
|
Batting: LHB Ivan Cortez
|
0-0: SINGLE (Flyball, 8RS, EV 93.1 MPH) Josh Burrows to third Antonio Luisa to second Runner from 3rd tries for Home, SAFE, throw by CF to home
|
|
Batting: RHB Brandon Joshua
|
0-0: Called Strike 0-1: Ball 1-1: Swinging Strike 1-2: Foul Ball, location: 2F 1-2: Ball 2-2: Ground out U3 (Groundball, 34, EV 84.4 MPH)
|
| Bottom of the 3rd over - 1 run, 2 hits, 1 error, 2 left on base; State College 1 - Hillsboro 3 |
| TOP OF THE 4TH |
|
State College Spikes batting - Pitching for Hillsboro Hops : RHP John Palumbo
|
|
Batting: LHB Travis Ruppel
|
0-0: Foul Ball, location: 2F 0-1: Swinging Strike 0-2: Ball 1-2: Ground out 4-3 (Groundball, P, EV 84.4 MPH)
|
|
Batting: RHB Jose Jimenez
|
0-0: Ball 1-0: Foul Ball, location: 2F 1-1: Ball 2-1: Ball 3-1: Base on Balls
|
|
Batting: RHB Robby Hickman
|
0-0: Ball Jose Jimenez steals 2nd base 1-0: Ball 2-0: Ball 3-0: Base on Balls
|
|
Batting: LHB Keith Rice
|
0-0: Ball 1-0: TRIPLE (Line Drive, 89XD, EV 110.0 MPH) Jose Jimenez scores Robby Hickman scores
|
|
Batting: RHB Sean Tanner
|
0-0: Ball 1-0: Called Strike 1-1: Foul Ball, location: 2F 1-2: Foul Ball, location: 2F 1-2: Fly out, F8 (Flyball, 78M, EV 86.9 MPH) Runner from 3rd tags up, OUT at HOME! 8-2
|
| Top of the 4th over - 2 runs, 1 hit, 0 errors, 0 left on base; State College 3 - Hillsboro 3 |
| BOTTOM OF THE 4TH |
|
Hillsboro Hops batting - Pitching for State College Spikes : RHP Mario Machado
|
|
Batting: RHB Trevor Corey
|
0-0: Foul Ball, location: 2F 0-1: Ball 1-1: Swinging Strike 1-2: Fly out, F3 (Popup, 3SF, EV 69.4 MPH)
|
|
Batting: SHB Blaine Peters
|
0-0: Called Strike 0-1: Called Strike 0-2: Ball 1-2: Foul Ball, location: 2F 1-2: Ball 2-2: Fly out, F6 (Line Drive, 56, EV 68.8 MPH)
|
|
Batting: LHB Soo-yeon Kym
|
0-0: Ball 1-0: Ball 2-0: Called Strike 2-1: Foul Ball, location: 2F 2-2: Ball 3-2: SINGLE (Groundball, 34D, EV 111.9 MPH)
|
|
Pitching: RHP Pabiyan Vetlitsky
|
|
|
Batting: RHB Wen-hua Lei
|
0-0: Called Strike 0-1: Ball 1-1: Ball 2-1: Called Strike 2-2: SINGLE (Groundball, 34D, EV 105.6 MPH) Soo-yeon Kym to second Runner from 2nd tries for 3rd, SAFE, throw by RF made to third Wen-hua Lei to second
|
|
Batting: RHB Ian Sousa
|
0-0: Ball 1-0: Ball 2-0: Ball 3-0: Base on Balls
|
|
Batting: RHB Josh Burrows
|
0-0: Foul Ball, location: 2F 0-1: Called Strike 0-2: Strikes out swinging
|
| Bottom of the 4th over - 0 runs, 2 hits, 0 errors, 3 left on base; State College 3 - Hillsboro 3 |
| TOP OF THE 5TH |
|
State College Spikes batting - Pitching for Hillsboro Hops : RHP John Palumbo
|
|
Batting: SHB Gerardo Macias
|
0-0: Called Strike 0-1: Ball 1-1: Ball 2-1: Foul Ball, location: 2F 2-2: Ball 3-2: SINGLE (Line Drive, 89S, EV 103.8 MPH)
|
|
Batting: RHB Tom Tate
|
0-0: Fielders Choice at 2nd, 6-4 (Groundball, 6M, EV 82.5 MPH)
|
|
Batting: RHB Mario Mendoza
|
0-0: Ball Tom Tate steals 2nd, throwing error, E2 Tom Tate to third 1-0: Swinging Strike 1-1: Called Strike 1-2: Ball 2-2: Strikes out swinging
|
|
Batting: RHB Bernard Claude
|
0-0: Called Strike 0-1: Ball 1-1: Called Strike 1-2: Strikes out swinging
|
| Top of the 5th over - 0 runs, 1 hit, 1 error, 1 left on base; State College 3 - Hillsboro 3 |
| BOTTOM OF THE 5TH |
|
Hillsboro Hops batting - Pitching for State College Spikes : RHP Pabiyan Vetlitsky
|
|
Batting: RHB Antonio Luisa
|
0-0: Ball 1-0: Called Strike 1-1: Swinging Strike 1-2: Strikes out looking
|
|
Batting: LHB Ivan Cortez
|
0-0: Called Strike 0-1: Fly out, F8 (Flyball, 89M, EV 97.5 MPH)
|
|
Batting: RHB Brandon Joshua
|
0-0: Fly out, F7 (Line Drive, 7, EV 104.4 MPH)
|
| Bottom of the 5th over - 0 runs, 0 hits, 0 errors, 0 left on base; State College 3 - Hillsboro 3 |
| TOP OF THE 6TH |
|
State College Spikes batting - Pitching for Hillsboro Hops : RHP John Palumbo
|
|
Batting: LHB Travis Ruppel
|
0-0: Called Strike 0-1: Foul Ball, location: 2F 0-2: Foul Ball, location: 2F 0-2: Strikes out swinging
|
|
Batting: RHB Jose Jimenez
|
0-0: Foul Ball, location: 2F 0-1: Foul Ball, location: 2F 0-2: Ball 1-2: Ball 2-2: Ball 3-2: Fly out, F7 (Flyball, 7, EV 84.4 MPH)
|
|
Batting: RHB Robby Hickman
|
0-0: Called Strike 0-1: Ball 1-1: Foul Ball, location: 2F 1-2: Strikes out swinging
|
| Top of the 6th over - 0 runs, 0 hits, 0 errors, 0 left on base; State College 3 - Hillsboro 3 |
| BOTTOM OF THE 6TH |
|
Hillsboro Hops batting - Pitching for State College Spikes : RHP Pabiyan Vetlitsky
|
|
Batting: RHB Trevor Corey
|
0-0: Ball 1-0: Ball 2-0: SINGLE (Groundball, 6MD, EV 101.2 MPH)
|
|
Batting: SHB Blaine Peters
|
0-0: Ball 1-0: Foul Ball, location: 2F 1-1: Ball 2-1: Fielders Choice at 2nd, 3-6 (Groundball, 3, EV 83.1 MPH)
|
|
Batting: LHB Soo-yeon Kym
|
0-0: Called Strike Blaine Peters is caught stealing 2nd base 2-6 0-1: Ball 1-1: Ball 2-1: Ball 3-1: Base on Balls
|
|
Batting: RHB Wen-hua Lei
|
0-0: Called Strike 0-1: Ball 1-1: Foul Ball, location: 2F 1-2: Strikes out swinging
|
| Bottom of the 6th over - 0 runs, 1 hit, 0 errors, 1 left on base; State College 3 - Hillsboro 3 |
| TOP OF THE 7TH |
|
State College Spikes batting - Pitching for Hillsboro Hops : RHP John Palumbo
|
|
Pitching: LHP Jeff Haight
|
|
|
Batting: LHB Keith Rice
|
0-0: Called Strike 0-1: Ball 1-1: Swinging Strike 1-2: Ball 2-2: Strikes out swinging
|
|
Pitching: RHP Jaden Peterson
|
|
|
Batting: RHB Sean Tanner
|
0-0: Ball 1-0: Foul Ball, location: 2F 1-1: Called Strike 1-2: Ball 2-2: Ball 3-2: Strikes out swinging
|
|
Batting: SHB Gerardo Macias
|
0-0: Called Strike 0-1: Ball 1-1: Called Strike 1-2: Foul Ball, location: 2F 1-2: Ball 2-2: Foul Ball, location: 2F 2-2: Ground out 1-3 (Groundball, 15S, EV 64.4 MPH)
|
| Top of the 7th over - 0 runs, 0 hits, 0 errors, 0 left on base; State College 3 - Hillsboro 3 |
| BOTTOM OF THE 7TH |
|
Hillsboro Hops batting - Pitching for State College Spikes : RHP Pabiyan Vetlitsky
|
|
Batting: RHB Ian Sousa
|
0-0: Ball 1-0: Fly out, F3 (Popup, 34S, EV 76.2 MPH)
|
|
Batting: RHB Josh Burrows
|
0-0: SINGLE (Line Drive, 8LS, EV 108.8 MPH)
|
|
Batting: RHB Antonio Luisa
|
0-0: Foul Ball, location: 2F 0-1: Ball 1-1: Ground out 5-3 (Groundball, 5L, EV 84.4 MPH) Josh Burrows to second
|
|
Batting: LHB Ivan Cortez
|
0-0: Foul Ball, location: 2F 0-1: Foul Ball, location: 2F 0-2: Ball 1-2: SINGLE (Groundball, 25, EV 63.1 MPH) (infield hit) Josh Burrows to third
|
|
Pitching: LHP Andy Fitzsimmons
|
|
|
Batting: RHB Brandon Joshua
|
0-0: Ball 1-0: Foul Ball, location: 2F 1-1: Swinging Strike 1-2: Ball 2-2: Ball 3-2: Base on Balls Ivan Cortez to second
|
|
Batting: RHB Trevor Corey
|
0-0: Ball Wild Pitch! Josh Burrows scores Ivan Cortez to third Brandon Joshua to second 1-0: Foul Ball, location: 2F 1-1: Foul Ball, location: 2F 1-2: Strikes out swinging
|
| Bottom of the 7th over - 1 run, 2 hits, 0 errors, 2 left on base; State College 3 - Hillsboro 4 |
| TOP OF THE 8TH |
|
State College Spikes batting - Pitching for Hillsboro Hops : RHP Jaden Peterson
|
|
Now at 3B: Jeremy Adams
|
|
|
Now in RF: Dillon Rizzuto
|
|
|
Batting: RHB Tom Tate
|
0-0: Called Strike 0-1: Ball 1-1: Swinging Strike 1-2: Hit by Pitch
|
|
Pinch Hitting: LHB Jorge Zarazua
|
0-0: Swinging Strike 0-1: Foul Ball, location: 2F 0-2: Foul Ball, location: 2F 0-2: SINGLE (Groundball, 4MS, EV 70.6 MPH) (infield hit) Tom Tate to second
|
|
Batting: RHB Bernard Claude
|
0-0: Sac Bunt to 13 - play at first, batter OUT! 1-4 Tom Tate to third Jorge Zarazua to second
|
|
Pitching: RHP Phil Holmes
|
|
|
Batting: LHB Travis Ruppel
|
0-0: Foul Ball, location: 2F 0-1: Foul Ball, location: 2F 0-2: Foul Ball, location: 2F 0-2: Ball 1-2: Ball 2-2: Ball 3-2: Ground out 4-3 (Groundball, 4, EV 80.6 MPH)
|
|
Batting: RHB Jose Jimenez
|
0-0: Called Strike 0-1: Ground out 6-3 (Groundball, 6M, EV 107.5 MPH)
|
| Top of the 8th over - 0 runs, 1 hit, 0 errors, 2 left on base; State College 3 - Hillsboro 4 |
| BOTTOM OF THE 8TH |
|
Hillsboro Hops batting - Pitching for State College Spikes : LHP Andy Fitzsimmons
|
|
Now at 1B: Jorge Zarazua
|
|
|
Now at 2B: Bernard Claude
|
|
|
Batting: SHB Blaine Peters
|
0-0: Fly out, F8 (Flyball, 8LS, EV 81.9 MPH)
|
|
Batting: LHB Soo-yeon Kym
|
0-0: Ground out 5-3 (Groundball, 56, EV 99.4 MPH)
|
|
Batting: RHB Wen-hua Lei
|
0-0: Ball 1-0: Swinging Strike 1-1: SINGLE (Line Drive, 8LS, EV 103.8 MPH)
|
|
Batting: RHB Ian Sousa
|
0-0: Ball 1-0: Called Strike 1-1: Fly out, F4 (Popup, 4S, EV 87.5 MPH)
|
| Bottom of the 8th over - 0 runs, 1 hit, 0 errors, 1 left on base; State College 3 - Hillsboro 4 |
| TOP OF THE 9TH |
|
State College Spikes batting - Pitching for Hillsboro Hops : RHP Phil Holmes
|
|
Batting: RHB Robby Hickman
|
0-0: Called Strike 0-1: Foul Ball, location: 2F 0-2: Ball 1-2: Strikes out looking
|
|
Batting: LHB Keith Rice
|
0-0: Foul Ball, location: 2F 0-1: Ground out 6-3 (Groundball, 6, EV 105.0 MPH)
|
|
Batting: RHB Sean Tanner
|
0-0: Ball 1-0: Swinging Strike 1-1: Ball 2-1: Called Strike 2-2: Foul Ball, location: 2F 2-2: Strikes out swinging
|
| Top of the 9th over - 0 runs, 0 hits, 0 errors, 0 left on base; State College 3 - Hillsboro 4 |
|